 Dungeon Crawl Stone Soup version 0.29-a0-553-g81b289dbe5 (webtiles) character file.

Game seed: 16787732602779574620

130771 ders the Sorcerer (level 17, -2/123 HPs)
             Began as a Djinni Conjurer on June 3, 2022.
             Was an Elder of Ashenzari.
             Killed from afar by Nikola (48 damage)
             ... with an arc of chain lightning
             ... on level 1 of the Snake Pit on June 6, 2022.
             The game lasted 00:57:08 (33816 turns).

ders the Sorcerer (Djinni Conjurer)                Turns: 33816, Time: 00:57:08

Health: -2/123     AC: 15    Str:  4    XL:     17   Next: 65%
Gold:   2909       EV: 11    Int: 31    God:    Ashenzari [****..] SH: 11 Dex: 12

rFire   + + +      SeeInvis +   C - staff of conjuration (curse) {Self, Evo}
rCold   + + +      Faith    .   R - +2 shield of Resistance {rF++ rC++ Will++, Cun, Self} (curse)
rNeg    . . .      Spirit   .   w - +5 steam dragon scales
rPois   ∞          Reflect  .   k - +0 helmet of Supernal Gnosis {Self, Evo} (curse)
rElec   .          Harm     .   F - +2 cloak of the Cryptic Planets {Stlth+, Self, Cun} (curse)
rCorr   .          Rampage  .   M - +0 pair of gloves of Ashenzari's Mutualism {Range, Self} (curse)
Will    +++..      Clarity  +   (boots unavailable)
Stlth   +++++.....              N - amulet of regeneration
HPRegen 1.10/turn               c - ring of the Fated Fetters {rC+, Self, Range} (curse)
MPRegen 0.00/turn               S - ring of Koboom {Wiz rF+ rC+ Int+3}

@: flying, studying Invocations
A: sickness immunity, fire resistance 2, cold vulnerability 1, float, innate
caster, HP casting, extra vitality 1, weak 1
a: Renounce Religion, Shatter the Chains


You were on level 1 of the Snake Pit.
You worshipped Ashenzari.
Ashenzari was greatly pleased with you.
You visited 5 branches of the dungeon, and saw 25 of its levels.
You also visited: Bailey and Ice Cave.

You collected 4756 gold pieces.
You spent 1847 gold pieces at shops.

Inventory:

Armour
 k - the cursed +0 helmet of Supernal Gnosis (worn) {Self, Evo}
   (You found it on level 2 of the Dungeon)

   It has a curse which improves the following skills: Introspection: Fighting
   and Spellcasting.
   Evocations: Evocations.
 w - +5 steam dragon scales (worn)
 F - the cursed +2 cloak of the Cryptic Planets (worn) {Stlth+, Self, Cun}
   (You bought it in a shop on level 9 of the Dungeon)

   It has a curse which improves the following skills: Introspection: Fighting
   and Spellcasting.
   Cunning:   Dodging and Stealth.
 M - the cursed +0 pair of gloves of Ashenzari's Mutualism (worn) {Range, Self}
   (You found it on level 4 of the Lair of Beasts)

   It has a curse which improves the following skills: Ranged Combat: Slings,
   Bows, Crossbows and Throwing.
   Introspection: Fighting and Spellcasting.
 R - the cursed +2 shield of Resistance (worn) {rF++ rC++ Will++, Cun, Self}
   (You acquired it on level 12 of the Dungeon)

   rF:        It greatly protects you from fire.
   rC:        It greatly protects you from cold.
   Will:      It greatly increases your willpower.
   It has a curse which improves the following skills: Cunning: Dodging and
   Stealth.
   Introspection: Fighting and Spellcasting.
Magical Staves
 C - a cursed staff of conjuration (weapon) {Self, Evo}
Jewellery
 c - the cursed ring of the Fated Fetters (left hand) {rC+, Self, Range}
   (You bought it in a shop on level 9 of the Dungeon)

   [ring of protection from cold]

   rC:        It protects you from cold.
   It has a curse which improves the following skills: Introspection: Fighting
   and Spellcasting.
   Ranged Combat: Slings, Bows, Crossbows and Throwing.
 N - an amulet of regeneration (around neck)
 P - a ring of ice
 Q - a +6 ring of intelligence
 S - the ring of Koboom (right hand) {Wiz rF+ rC+ Int+3}
   (You acquired it on level 12 of the Dungeon)

   [ring of wizardry]

   It improves your spell success rate.
   Int:       It affects your intelligence (+3).
   rF:        It protects you from fire.
   rC:        It protects you from cold.
 T - a ring of wizardry
 U - a ring of protection from fire
 V - a ring of protection from fire
 W - the amulet of Publeske {Spirit Int-4 Dex+7}
   (You found it in an ice cave)

   [amulet of guardian spirit]

   It causes incoming damage to be divided between your reserves of health and
   magic.
   Int:       It affects your intelligence (-4).
   Dex:       It affects your dexterity (+7).
 Y - a ring of positive energy
Wands
 g - a wand of iceblast (19)
 G - a wand of charming (3)
 J - a wand of flame (29)
 K - a wand of acid (9)
 L - a wand of mindburst (2)
Scrolls
 a - a scroll of enchant armour
 b - 2 scrolls of blinking
 h - a scroll of brand weapon
 j - 5 scrolls of immolation
 l - 2 scrolls of poison
 m - 3 scrolls of summoning
 r - 4 scrolls of vulnerability
 u - 5 scrolls of fear
 y - 12 scrolls of teleportation
 z - a scroll of torment
 A - 2 scrolls of fog
 D - 5 scrolls of enchant weapon
 I - 4 scrolls of magic mapping
 Z - a scroll of silence
Potions
 d - 6 potions of curing
 e - 10 potions of heal wounds
 f - a potion of cancellation
 i - 7 potions of lignification
 n - 6 potions of haste
 p - 2 potions of attraction
 s - a potion of berserk rage
 v - 8 potions of might
 H - 2 potions of brilliance
 O - 2 potions of resistance
Miscellaneous
 X - a condenser vane


   Skills:
 - Level 5.9(11.9) Fighting
 - Level 2.1(4.4) Dodging
 + Level 6.1(9.1) Stealth
 + Level 6.3 Shields
 + Level 21.1(27) Spellcasting
 + Level 6.3(9.3) Evocations


You had 25 spell levels left.
You knew the following spells:

 Your Spells              Type           Power      Damage    Failure   Level
a - Magic Dart            Conj           100%       1d8       0%          1
b - Statue Form           Tmut/Erth      78%        N/A       0%          6
c - Dazzling Flash        Conj/Hex       100%       N/A       0%          3
d - Fulminant Prism       Conj/Hex       71%        3d30      0%          4
e - Iskenderun's Mystic   Conj/Tloc      100%       2d19      0%          4
f - Apportation           Tloc           100%       N/A       0%          1
g - Wereblood             Tmut           100%       N/A       0%          2
h - Passwall              Tmut/Erth      98%        N/A       0%          2
i - Animate Armour        Summ/Erth      100%       N/A       0%          4
j - Irradiate             Conj/Tmut      71%        3d37      0%          5
k - Blade Hands           Tmut           59%        N/A       0%          5
l - Searing Ray           Conj           100%       2d8       0%          2
m - Summon Cactus Giant   Summ           59%        N/A       0%          6
Your spell library was empty.

Dungeon Overview and Level Annotations

Branches:
Dungeon (15/15)            Temple (0/1) D:4            Lair (6/6) D:11
 Shoals (0/4) Lair:2        Snake (1/4) Lair:4        Slime (0/5) Lair:5
    Orc (2/2) D:10            Elf (0/3) Orc:2        Vaults (0/5) D:14
 Depths (1/4) D:15         Bailey (visited)           IceCv (visited)

Altars:
Ashenzari
Dithmenos
Fedhas
Hepliaklqana
Kikubaaqudgha
Nemelex Xobeh
Qazlal
Ru
Sif Muna
Trog
Vehumet
Wu Jian
Xom
Yredelemnul
Jiyva

Shops:
D:8 *   D:9 ([=([   D:12 *   D:15 *[   Orc:1 [   Orc:2 =*([

Annotations:
D:10 1 runed translucent door, pigah's ghost, journeyman OpAE
D:11 2 transporters
Snake:1 Nikola


Innate Abilities, Weirdness & Mutations

You are immune to sickness and miasma.
You are immune to poison.
Your flesh is very heat resistant. (rF++)
You are vulnerable to cold. (rC-)
You float through the air rather than walking.
You learn spells naturally, not from books.
Your magical power is your life essence.
You have superior vitality. (+4 MHP)
You are weak. (Str -2)


Message History

Confirm with . or Enter, or press ? or * to list all spells.
You feel a surge of power!
You erupt in a blast of force!
The mystic blast hits Nikola!!
Nikola is heavily wounded.
Nikola is knocked back by the mystic blast.
Nikola slams into the rock wall!
Nikola is heavily wounded.
Casting: Iskenderun's Mystic Blast (safe; 0% risk of failure)
Confirm with . or Enter, or press ? or * to list all spells.
Aiming: Fulminant Prism (safe; 0% risk of failure)
Press: ? - help, Dir - move target You feel a surge of power!
You conjure a prism of explosive energy!
A fulminant prism comes into view.
Nikola hits your fulminant prism with a +0 rapier of electrocution!
A naga comes into view. It is wielding a +0 hand axe.
Nikola mumbles some strange words.
Nikola blinks!
Your fulminant prism crackles loudly.
Nikola drinks a potion.
Nikola seems to speed up.
Your fulminant prism explodes!
The blast of energy engulfs the naga!!
You kill the naga!
The blast of energy engulfs Nikola!!!!
Nikola is almost dead.
You hear an angry hiss.
You hear a shout!
You hear an angry hiss.
You hear a shout!
Things that are here:
a +0 halberd; a salamander corpse
Casting: Fulminant Prism (safe; 0% risk of failure)
Confirm with . or Enter, or press ? or * to list all spells.
You feel a surge of power!
You erupt in a blast of force!
The mystic blast hits Nikola.
Nikola is almost dead.
Nikola is knocked back by the mystic blast.
Nikola slams into the rock wall!
Nikola is almost dead.
Nikola casts a spell.
Lightning arcs from Nikola's hands!
The bolt of lightning hits you!!!
You die...

* * , * *,....., , ,,#
* ###*.....# * * * * *
#..####.. .....# ,, *
* * ,* .......##....##
,,, * ,,
..#.##.).).....# , ,,
,,.....§..........,,>,
,* , *,
....##†)†..#...., ,
.#####@†##.##.## ,, ,
, ,, ......).<.@)...#
* ,, * , ,
......#####)##)# *,,,,
,*#####[#####'# # *
,,,, * , , * # , ,.. ,
* , *,,, ,, , ,..#, *
, , * ,, ,,, ^ ,
,..#*, *+**,* , ,
,..#*+* , ,** ** ,, ,
,,... , * ,, ,, **,, ,
, , * * *


You could see Nikola (fast).

Vanquished Creatures
  A golden dragon (IceCv)
  Gastronok (D:9)
  A frost giant (D:15)
  Aizul (Snake:1)
  An orc warlord (Orc:2)
  A juggernaut skeleton (D:15)
  A juggernaut zombie (D:15)
  A very ugly thing (D:15)
  Josephine (Lair:4)
  4 ice dragons (IceCv)
  6 hydras
  Fannar (Orc:1)
  A rakshasa (D:15)
  7 centaur warriors
  4 boulder beetles
  An ogre mage (D:15)
  2 anacondas (Snake:1)
  6 two-headed ogres
  The ghost of delverdan the Grappler, a novice TrMo of Qazlal (D:9)
  A merfolk avatar (Lair:6)
  Urug (D:10)
  7 death yaks
  A vampire mage (D:15)
  Nergalle (Lair:4)
  2 orc high priests (Orc:2)
  2 sea snakes (Lair:6)
  3 skeletal warriors (D:15)
  A naga ritualist (Snake:1)
  A flayed ghost (D:15)
  A deep elf archer (D:15)
  An orange crystal statue (IceCv)
  4 deep elf pyromancers
  7 orc sorcerers
  A wolf spider (D:15)
  7 orc knights
  2 necromancers
  2 harpies (Lair:6)
  A manticore (D:15)
  7 ugly things
  3 salamanders (Snake:1)
  7 cyclopes
  7 black mambas
  A frost giant skeleton (D:15)
  A naga mage (Snake:1)
  9 elephants (Lair:6)
  2 guardian serpents (Snake:1)
  2 ice statues (D:15)
  13 cane toads
  A gargoyle (Bailey)
  2 unseen horrors
  Psyche (D:9)
  Maggie (Lair:2)
  A freezing wraith (D:15)
  5 rime drakes
  2 kobold demonologists (D:9)
  6 storm dragon simulacra (IceCv)
  8 komodo dragons
  A spriggan skeleton (D:15)
  2 golden dragon simulacra (IceCv)
  6 polar bears
  A wind drake (Lair:6)
  A meliai (D:10)
  Prince Ribbit (D:5)
  2 hornets (Lair:6)
  8 trolls
  21 blink frogs
  Grinder (D:6)
  16 slime creatures
  2 snapping turtles (Lair:6)
  2 vampires
  A wyvern (shapeshifter) (D:15)
  6 wyverns
  A shadow (D:11)
  5 wraiths
  76 yaks
  7 basilisks
  Menkaure (D:7)
  3 steam dragons
  Edmund (D:4)
  4 wargs
  3 acid dragons
  7 nagas
  19 water moccasins
  26 orc warriors
  An ice beast (D:6)
  A black bear (D:7)
  7 ice dragon simulacra (IceCv)
  6 ogres
  5 boggarts (D:14)
  26 wolves
  A phantom (D:4)
  17 centaurs
  9 bullfrogs
  14 kobold brigands
  2 necrophages (D:6)
  2 gnoll sergeants
  5 scorpions
  15 wights
  7 killer bees
  6 lindwurm simulacra (IceCv)
  7 electric eels
  6 howler monkeys
  10 vampire bats (Bailey)
  5 wolf zombies (Bailey)
  Crazy Yiuf (D:6)
  2 gnoll shamans
  17 orc priests
  4 hounds
  4 iguanas
  16 orc wizards
  Natasha (thrice) (D:4)
  16 gnolls
  10 adders
  A white imp (D:6)
  2 adder zombies (D:3)
  5 worms
  4 dart slugs
  53 orcs
  6 ball pythons
  14 bats
  7 endoplasms
  2 giant cockroaches
  11 goblins
  4 hobgoblins
  5 jackals
  24 kobolds
  5 quokkas
  A ball python zombie (D:3)
  3 frilled lizards
  A giant cockroach zombie (D:3)
  25 orc zombies (Bailey)
  5 rats
  3 bushes (Lair:6)
  A fulminant prism (Orc:2)
  2 plants (Lair:6)
800 creatures vanquished.

Vanquished Creatures (collateral kills)
  A wolf zombie (Bailey)
1 creature vanquished.

Vanquished Creatures (others)
  A deep elf pyromancer (D:15)
  An orc (D:15)
  365 fulminant prisms
  82 fungi
  183 plants
  8 withered plants (D:15)
640 creatures vanquished.

Grand Total: 1441 creatures vanquished

Notes
Turn   | Place    | Note
-------+----------+-------------------------------------------
     0 | D:1      | ders the Djinni Conjurer began the quest for the Orb.
     0 | D:1      | Reached XP level 1. HP: 15/15 MP: 0/0
   334 | D:1      | Reached XP level 2. HP: 16/21 MP: 0/0
  1071 | D:1      | Reached XP level 3. HP: 17/25 MP: 0/0
  1071 | D:1      | Learned a level 1 spell: Apportation
  1256 | D:2      | Reached skill level 4 in Spellcasting
  1657 | D:2      | Reached XP level 4. HP: 28/31 MP: 0/0
  2416 | D:3      | Found a basalt altar of Yredelemnul.
  2674 | D:3      | Reached XP level 5. HP: 32/35 MP: 0/0
  2674 | D:3      | Learned a level 2 spell: Wereblood
  2988 | D:3      | Found a broken altar of Ashenzari.
  3000 | D:3      | Became a worshipper of Ashenzari the Shackled
  3106 | D:3      | Noticed a moth of wrath
  3108 | D:3      | Found a bloodstained altar of Trog.
  3116 | D:3      | Reached skill level 5 in Spellcasting
  3532 | D:3      | Found a faded altar of an unknown god.
  4036 | D:4      | Reached XP level 6. HP: 34/40 MP: 0/0
  4371 | D:4      | Reached skill level 6 in Spellcasting
  4401 | D:4      | Noticed Natasha
  4408 | D:4      | Killed Natasha
  4409 | D:4      | Reached XP level 7. HP: 30/45 MP: 0/0
  4409 | D:4      | Learned a level 2 spell: Passwall
  4526 | D:4      | Noticed Natasha
  4530 | D:4      | Killed Natasha
  4563 | D:4      | Noticed Edmund
  4572 | D:4      | Killed Edmund
  4735 | D:4      | Found a staircase to the Ecumenical Temple.
  5050 | D:4      | Reached skill level 7 in Spellcasting
  5271 | D:4      | Reached XP level 8. HP: 24/50 MP: 0/0
  5309 | D:4      | Noticed Natasha
  5312 | D:4      | Killed Natasha
  6073 | D:5      | Entered Level 5 of the Dungeon
  6327 | D:5      | Noticed Prince Ribbit
  6344 | D:5      | Killed Prince Ribbit
  6345 | D:5      | Reached skill level 8 in Spellcasting
  7072 | D:5      | Found a hazy altar of Hepliaklqana.
  7258 | D:6      | Found a stormy altar of Qazlal.
  7269 | D:6      | Noticed Grinder
  7297 | D:6      | Identified the cursed +0 helmet of Supernal Gnosis {Self,
                  | Evo} (You found it on level 2 of the Dungeon)
  7303 | D:6      | Gained mutation: Your flesh is almost immune to the effects
                  | of heat. (rF+++) [potion of mutation]
  7303 | D:6      | Gained mutation: You tend to lose your temper in combat.
                  | [potion of mutation]
  7303 | D:6      | Gained mutation: You have sharp fingernails. [potion of
                  | mutation]
  7304 | D:6      | Lost mutation: Your flesh is almost immune to the effects
                  | of heat. (rF+++) [potion of mutation]
  7304 | D:6      | Lost mutation: You tend to lose your temper in combat.
                  | [potion of mutation]
  7304 | D:6      | Lost mutation: You have sharp fingernails. [potion of
                  | mutation]
  7304 | D:6      | Gained mutation: You are weak. (Str -2) [potion of
                  | mutation]
  7304 | D:6      | Killed Grinder
  7305 | D:6      | Reached skill level 9 in Spellcasting
  7305 | D:6      | Reached XP level 9. HP: 12/55 MP: 0/0
  7305 | D:6      | Learned a level 4 spell: Animate Armour
  8032 | D:6      | Found a runed translucent door.
  8033 | D:6      | Noticed Crazy Yiuf
  8211 | D:6      | Killed Crazy Yiuf
  8299 | D:7      | Identified a scroll of acquirement
  8302 | D:7      | Acquired 874 gold pieces
  8317 | D:7      | Reached * piety under Ashenzari
  8333 | D:7      | Reached skill level 10 in Spellcasting
  8543 | D:7      | Found a sacrificial altar of Ru.
  8808 | D:7      | Noticed Menkaure
  8812 | D:7      | Killed Menkaure
  9281 | D:8      | Reached XP level 10. HP: 40/60 MP: 0/0
  9287 | D:8      | Reached skill level 11 in Spellcasting
  9978 | D:8      | Noticed an angel
  9982 | D:8      | Found Kiqazafa's Hallowed Reliquary.
  9988 | D:8      | Bought a potion of heal wounds for 70 gold pieces
  9988 | D:8      | Bought a potion of heal wounds for 70 gold pieces
  9988 | D:8      | Bought a potion of heal wounds for 70 gold pieces
  9988 | D:8      | Bought a potion of heal wounds for 70 gold pieces
  9988 | D:8      | Bought a potion of heal wounds for 70 gold pieces
 10533 | D:9      | Found a flagged portal.
 10543 | Bailey   | Entered a bailey
 11065 | Bailey   | Noticed a gargoyle
 11072 | Bailey   | Killed a gargoyle
 11240 | Bailey   | Reached skill level 12 in Spellcasting
 11528 | Bailey   | Reached skill level 14 in Spellcasting
 11528 | Bailey   | Reached XP level 11. HP: 65/65 MP: 0/0
 11528 | Bailey   | Learned a level 5 spell: Irradiate
 11529 | Bailey   | Reached skill level 5 in Fighting
 11529 | Bailey   | Reached XP level 12. HP: 85/85 MP: 0/0
 11577 | Bailey   | Identified the +1 leather armour of Birdsong {Dex+4}
 11594 | Bailey   | Identified the +5 scale mail of Xiczew {rN+}
 11991 | D:9      | Found Fuplunoc's Antique Armour Boutique.
 11992 | D:9      | Noticed Psyche
 11995 | D:9      | Killed Psyche
 12147 | D:9      | Reached ** piety under Ashenzari
 12155 | D:9      | Noticed Gastronok
 12176 | D:9      | Killed Gastronok
 12177 | D:9      | Reached skill level 15 in Spellcasting
 12433 | D:9      | Reached XP level 13. HP: 78/93 MP: 0/0
 12433 | D:9      | Learned a level 5 spell: Blade Hands
 12915 | D:9      | Found a runed translucent gate.
 12939 | D:9      | Found Hafuacaz's Jewellery Shop.
 12944 | D:9      | Bought a ring of protection from cold for 400 gold pieces
 12952 | D:9      | Found Villoev's Armour Emporium.
 12967 | D:9      | Bought a +2 cloak of stealth for 236 gold pieces
 13128 | D:9      | Found Dyghye's Antique Weapon Shoppe.
 13143 | D:9      | Found Feoha's Weapon Emporium.
 13146 | D:9      | Found a runed translucent gate.
 13298 | D:9      | Found a runed translucent gate.
 13306 | D:9      | Noticed delverdan's ghost (novice TrMo)
 13357 | D:9      | Found a shadowy altar of Dithmenos.
 13682 | D:9      | Killed delverdan's ghost
 13847 | D:10     | Entered Level 10 of the Dungeon
 13847 | D:10     | Found a staircase to the Orcish Mines.
 13878 | D:10     | Reached skill level 16 in Spellcasting
 13917 | D:10     | Noticed a boulder beetle
 14061 | D:10     | Killed a boulder beetle
 14289 | D:10     | Found a runed translucent door.
 14289 | D:10     | Found a shimmering altar of Xom.
 14289 | D:10     | Noticed pigah's ghost (journeyman OpAE)
 14296 | D:10     | Noticed Urug
 14309 | D:10     | Killed Urug
 14947 | D:11     | Found a staircase to the Lair.
 15141 | Lair:1   | Entered Level 1 of the Lair of Beasts
 16143 | Lair:1   | Reached skill level 17 in Spellcasting
 16341 | Lair:1   | Reached XP level 14. HP: 85/96 MP: 0/0
 17238 | Lair:2   | Found a staircase to the Shoals.
 17530 | Lair:2   | Noticed Maggie
 17536 | Lair:2   | Killed Maggie
 19063 | Lair:3   | Reached skill level 18 in Spellcasting
 19970 | Lair:4   | Noticed Nergalle
 19979 | Lair:4   | Noticed Josephine
 19982 | Lair:4   | Killed Nergalle
 20326 | Lair:4   | Killed Josephine
 20861 | Lair:4   | Reached *** piety under Ashenzari
 21399 | Lair:4   | Found a staircase to the Snake Pit.
 22027 | Lair:5   | Reached XP level 15. HP: 91/107 MP: 0/0
 22027 | Lair:5   | Learned a level 6 spell: Statue Form
 22289 | Lair:5   | Found a staircase to the Slime Pits.
 22290 | Lair:5   | Found a viscous altar of Jiyva.
 22574 | Lair:6   | Entered Level 6 of the Lair of Beasts
 22659 | Lair:5   | Identified the cursed +0 pair of gloves of Ashenzari's
                  | Mutualism {Range, Self} (You found it on level 4 of the
                  | Lair of Beasts)
 22749 | Lair:6   | Reached skill level 19 in Spellcasting
 24333 | Lair:6   | Identified the +12 quarterstaff of Agony {vorpal, Int+3}
 24348 | Lair:6   | Identified the Disquisition on Ignition and Translocation
 24352 | Lair:6   | Identified the +0 rapier of Intuition {freeze, Drain Int+7}
 25399 | Orc:1    | Entered Level 1 of the Orcish Mines
 25446 | Orc:1    | Found Gugeta's Armour Emporium.
 25661 | Orc:1    | Noticed Fannar
 25691 | Orc:1    | Killed Fannar
 25692 | Orc:1    | Reached skill level 20 in Spellcasting
 26807 | Orc:2    | Entered Level 2 of the Orcish Mines
 27323 | Orc:2    | Reached XP level 16. HP: 82/114 MP: 0/0
 27405 | Orc:2    | Found Olykhiewky's Antique Armour Shoppe.
 28387 | Orc:2    | Found Unwitus's General Store.
 28415 | Orc:2    | Found a staircase to the Elven Halls.
 28471 | Orc:2    | Found Vooppy's Jewellery Boutique.
 28479 | Orc:2    | Bought a +6 ring of intelligence for 819 gold pieces
 28609 | Orc:2    | Found Moklig's Antique Weapon Shop.
 29146 | D:11     | Found a transporter.
 29146 | D:11     | Found a transporter.
 29904 | D:12     | Found Foaxynik's General Store.
 29912 | D:12     | Bought a scroll of teleportation for 42 gold pieces
 30333 | D:12     | Acquired the +2 shield of Resistance {rF++ rC++ Will++}
 30333 | D:12     | Found the +2 shield of Resistance {rF++ rC++ Will++}
 30340 | D:12     | Acquired the ring of Koboom {Wiz rF+ rC+ Int+3}
 30344 | D:12     | Acquired a manual of Invocations
 30346 | D:12     | Upgraded the game from 0.29-a0-542-g075992c915 to
                  | 0.29-a0-553-g81b289dbe5
 30535 | D:13     | Reached skill level 1 in Shields
 30535 | D:13     | Reached skill level 1 in Evocations
 30863 | D:13     | Found a blossoming altar of Fedhas.
 31442 | D:14     | Found a gate to the Vaults.
 31545 | D:14     | Found a sparkling altar of Nemelex Xobeh.
 31887 | D:15     | Entered Level 15 of the Dungeon
 31887 | D:15     | Found a staircase to the Depths.
 31888 | D:15     | Acquired 1100 gold pieces
 31969 | D:15     | Found Wohoa's Antique Armour Shop.
 31969 | D:15     | Found a frozen archway.
 31969 | D:15     | Found Pach's Assorted Antiques.
 32123 | IceCv    | Entered an ice cave
 32251 | IceCv    | Identified the Reference Book on the Glacier
 32327 | IceCv    | Reached XP level 17. HP: 108/120 MP: 0/0
 32327 | IceCv    | Learned a level 6 spell: Summon Cactus Giant
 32425 | IceCv    | Noticed a golden dragon
 32437 | IceCv    | Killed a golden dragon
 32470 | IceCv    | Identified the amulet of Publeske {Spirit Int-4 Dex+7}
 32600 | D:15     | Reached skill level 21 in Spellcasting
 32690 | D:15     | Found an ornate altar of the Wu Jian Council.
 32878 | D:15     | Reached skill level 5 in Stealth
 32878 | D:15     | Reached skill level 5 in Shields
 32878 | D:15     | Reached skill level 5 in Evocations
 33007 | D:15     | Reached **** piety under Ashenzari
 33352 | Depths:1 | Entered Level 1 of the Depths
 33635 | Snake:1  | Entered Level 1 of the Snake Pit
 33635 | Snake:1  | Noticed Aizul
 33711 | Snake:1  | Killed Aizul
 33808 | Snake:1  | Noticed Nikola
 33816 | Snake:1  | Killed from afar by Nikola

Illustrated notes

Levels and vault maps discovered:
D:1:      lightli_arrival_windingriver, layout_basic
D:2:      layout_basic, minmay_misc_feat_five
D:3:      layout_loops_ring, tgw_trog, mainiacjoe_overflow_paths,
          nicolae_yredelemnul_corpse_copse,
          shapermc_ecumenical_altar_mp_highgroup, minmay_crystal_room,
          serial_bayou_pond_a
D:4:      layout_cave_pods, minmay_temple_entry_junction_2, serial_park,
          serial_park_tiny_2, serial_park_square3 [serial_park_minivault_5x5_6],
          serial_park_tiny_1, serial_park_tiny_2, minmay_misc_feat_alley,
          minmay_joined_circles, uniq_natasha, uniq_edmund
D:5:      layout_basic, mainiacjoe_overflow_surrounded_room, uniq_prince_ribbit1
D:6:      layout_cave_pools, mainiacjoe_overflow_tiny_flanked,
          uniq_crazy_yiuf_cottage, uniq_grinder
D:7:      layout_basic, nicolae_ru_awakened_eye, bh_walls_and_bars,
          uniq_menkaure
D:8:      layout_loops_ring, nicolae_good_shop
D:9:      minmay_razor_zed, layout_gridville,
          nicolae_dithmenos_through_a_glass_darkly, enter_bailey_2,
          gammafunk_ghost_nasty_kobolds, serial_shops, nicolae_square_shop,
          kennysheep_mini_moat, nicolae_shop_statue_plus, shop,
          nicolae_diamond_shop, uniq_gastronok, uniq_psyche
D:10:     layout_roguey, vehumet_crystals, mainiacjoe_overflow_cross_hatched,
          david_orc_2, serial_aquarium, aquarium_bridge_straight
          [aquarium_subvault_bridge, aquarium_subvault_window,
          aquarium_subvault_bridge, aquarium_subvault_wall],
          aquarium_bridge_square [aquarium_subvault_bridge,
          aquarium_subvault_bridge, aquarium_subvault_wall,
          aquarium_subvault_window], aquarium_window_fake, aquarium_window_1,
          aquarium_view_2a, aquarium_balcony_1a, aquarium_pool_four,
          ebering_ghost_xom, minmay_ruined_shrine, uniq_urug
D:11:     gammafunk_boulding_lane, layout_long_grid, minmay_lair_entry_grove
D:12:     layout_basic, serial_shops, nicolae_shop_advertising_works
          [nicolae_subvault_shop_adworks], lemuel_blue_sif_altar
D:13:     layout_roguey, fedhas_altar_fruit_tree
D:14:     layout_gridville, david_vaults_1, nemelex_diamond_rough_becter
D:15:     gammafunk_depths_entry_grave, layout_rooms, nzn_wu_jian_council_hall,
          serial_shops, shop, shop, portal_ice_cave_entry_ice_statue_two,
          minmay_fractal_squares_gapless_7
Lair:1:   layout_cellular_growth, grunt_megastairs_3
Lair:2:   layout_regular_city, elwin_shoals_entry_rocks, uniq_maggie
Lair:3:   layout_regular_city
Lair:4:   layout_cave_pods, minmay_snake_entry_guardpost_medium, uniq_nergalle,
          uniq_josephine
Lair:5:   layout_hall_layers, slime_altar_1, small_statue_intersection,
          serial_bayou_pond_d, nicolae_quartered_pool_impasse, minivault_25,
          small_statue_intersection, roderic_batcave, beast_lair_carwin_11
Lair:6:   gammafunk_lair_ancient_temple, layout_misc_corridors, serial_forest,
          infiniplex_forest_corner_2, infiniplex_forest_clump_double,
          infiniplex_forest_lined_1, infiniplex_forest_3_way,
          infiniplex_forest_end_3, infiniplex_forest_clump_small,
          infiniplex_forest_end_3, st_stairs_5, serial_bayou_shore_b
Snake:1:  layout_basic, nrook_guardian_serpent_ordinary, lemuel_fruit_tree,
          uniq_aizul, uniq_nikola
Orc:1:    layout_caves, serial_shops, shop, uniq_fannar
Orc:2:    grunt_orc_gardens, layout_diamond_mine, grunt_orc_garden,
          grunt_orc_garden, grunt_orc_garden, grunt_orc_garden
Depths:1: layout_cave_pools, hell_entry, nicolae_uskayaw_en_pointe, drop_trap,
          hangedman_abyss_or_decor_passed, grunt_ministairs_4,
          hangedman_decor_lopped, hangedman_decor_clover_reticule,
          kennysheep_minor_cross, corexii_corridor_pit, minmay_misc_feat_iff,
          serial_sigils_hangedman_gnaw, due_unseen_surprise,
          infiniplex_staircase_pool_lava

Skill      XL: |  1  2  3  4  5  6  7  8  9 10 11 12 13 14 15 16 17 |
---------------+----------------------------------------------------+-----
Spellcasting   | 4 5 6 7 9 10 14 15 17 18 20 21 | 21.1
Fighting       | 5 |  5.9
Stealth        | 4 6 |  6.1
Shields        | 4 6 |  6.3
Evocations     | 4 6 |  6.3
Dodging        | |  2.1

Action                   |  1- 3 |  4- 6 |  7- 9 | 10-12 | 13-15 | 16-18 || total
-------------------------+-------+-------+-------+-------+-------+-------++-------
Melee: Quarterstaff      |       |       |       |     1 |       |       ||     1
       Staff             |       |       |       |       |    78 |       ||    78
       Punch             |       |       |       |       |     2 |       ||     2
 Cast: Magic Dart        |    53 |   100 |    54 |    62 |   245 |    45 ||   559
       Searing Ray       |     6 |    24 |    33 |    43 |    74 |       ||   180
       Fulminant Prism   |       |     1 |    32 |    25 |   127 |   181 ||   366
       Iskenderun's Myst |       |       |    22 |    30 |   174 |   123 ||   349
       Animate Armour    |       |       |       |     1 |       |       ||     1
       Irradiate         |       |       |       |       |    41 |     6 ||    47
       Blade Hands       |       |       |       |       |     1 |       ||     1
       Statue Form       |       |       |       |       |    22 |     1 ||    23
Invok: Curse Item        |       |       |     2 |     1 |     3 |     1 ||     7
       Shatter the Chain |       |       |       |       |     1 |       ||     1
Evoke: Wand              |       |       |     1 |       |       |       ||     1
  Use: Potion            |       |       |    13 |     2 |       |     4 ||    19
       Scroll            |       |       |    14 |     2 |     5 |     5 ||    26
Armor: Robe              |     1 |     5 |     5 |     1 |       |       ||    12
       Skin              |       |       |     9 |       |    90 |     3 ||   102
       Steam dragon scal |       |       |       |    11 |    50 |    21 ||    82
Dodge: Dodged            |     3 |    17 |    16 |    23 |   173 |    41 ||   273
Block: Kite shield       |       |       |       |       |       |    29 ||    29

Table legend: (Time is in decaauts)
 A = Elapsed time spent in this place.
 B = Non-inter-level travel time spent in this place.
 C = Inter-level travel time spent in this place.
 D = Time resting spent in this place.
 E = Time spent auto-exploring this place.
 F = Levels seen in this place.
 G = Mean time per level.
                   A        B        C        D        E       F      G
               +--------+--------+--------+--------+--------+-----+--------+
         Total |  34323 |  33309 |   1014 |   8911 |  19426 |  27 | 1271.2 |
       Dungeon |  18687 |  18048 |    639 |   3687 |  11724 |  15 | 1245.8 |
          Lair |  10785 |  10442 |    343 |   2951 |   6202 |   6 | 1797.5 |
     Snake Pit |     67 |     67 |      0 |      2 |      9 |   1 |   67.0 |
  Orcish Mines |   2908 |   2877 |     31 |   1288 |   1097 |   2 | 1454.0 |
        Depths |      5 |      5 |      0 |      0 |      0 |   1 |    5.0 |
        Bailey |   1400 |   1400 |      0 |    935 |    189 |   1 | 1400.0 |
      Ice Cave |    468 |    468 |      0 |     47 |    204 |   1 |  468.0 |
               +--------+--------+--------+--------+--------+-----+--------+

Top non-repeatable levels by time:
  Lair:6: 2356 daAuts
     D:9: 2131 daAuts
  Lair:1: 1931 daAuts
     D:3: 1927 daAuts
     D:4: 1908 daAuts
  Lair:2: 1787 daAuts
  Lair:3: 1749 daAuts
  Lair:4: 1650 daAuts
    D:10: 1550 daAuts
   Orc:2: 1501 daAuts
   Orc:1: 1407 daAuts
  Bailey: 1400 daAuts
     D:8: 1338 daAuts
  Lair:5: 1311 daAuts
     D:1: 1251 daAuts
